 Dungeon Crawl Stone Soup version 0.21-a0-41-g5e91fef (webtiles) character file.

202 tilp the Chiller (level 5, -2/35 HPs)
             Began as a Merfolk Ice Elementalist on June 3, 2017.
             Slain by an orc
             ... wielding a +0 dagger
              (3 damage)
             ... on level 4 of the Dungeon.
             The game lasted 00:10:35 (4032 turns).

tilp the Chiller (Merfolk Ice Elementalist)         Turns: 4032, Time: 00:10:36

Health: -2/35      AC:  2    Str:  8    XL:     5   Next: 80%
Magic:  7/9        EV: 19    Int: 15    God:
Gold:   83         SH:  0    Dex: 20    Spells: 3/9 levels left

rFire    . . .     SeeInvis .   j - +0 short sword
rCold    . . .     Gourm    .   (no shield)
rNeg     . . .     Faith    .   a - +0 robe
rPois    .         Spirit   .   (no helmet)
rElec    .         Reflect  .   (no cloak)
rCorr    .         Harm     .   (no gloves)
MR       .....                  (no boots)
Stlth    +++.......             (no amulet)
Regen    0.2/turn               (no ring)
MPRegen  0.2/turn               (no ring)

@: agile
A: change form in water, swift swim, stealthy swim
a: no special abilities


You were on level 4 of the Dungeon.
You were not hungry.

You visited 1 branch of the dungeon, and saw 4 of its levels.

You collected 83 gold pieces.

Inventory:

Hand Weapons
 g - a +0 dagger
 j - a +0 short sword (weapon)
 s - a +0 spear
Missiles
 n - 2 tomahawks
 r - 8 steel tomahawks (quivered)
Armour
 a - a +0 robe (worn)
Jewellery
 i - an uncursed amulet of rage {unknown}
Scrolls
 d - 2 scrolls of identify {unknown}
 f - 2 scrolls of immolation {unknown}
 h - a scroll of teleportation {unknown}
 l - 2 scrolls of amnesia {unknown}
 q - a scroll of noise {unknown}
Potions
 e - a potion of agility
 m - a potion of cancellation {unknown}
 o - a potion of lignification {unknown}
 p - a potion of heal wounds {unknown}
Books
 b - a book of Frost

   Spells                             Type                      Level
   a - Freeze                         Ice                          1
   b - Throw Frost                    Conjuration/Ice              2
   c - Ozocubu's Armour               Charms/Ice                   3
   d - Throw Icicle                   Conjuration/Ice              4
   e - Summon Ice Beast               Ice/Summoning                4
 k - Kikubaaqudgha's Collected Works on Sinister Secrets
   (You found it on level 2 of the Dungeon)

   Spells                             Type                      Level
   a - Pain                           Necromancy                   1
Comestibles
 c - a bread ration


   Skills:
 * Level 3.6 Short Blades
 * Level 0.8 Polearms
 - Level 3.0 Dodging
 - Level 2.1 Stealth
 - Level 2.6 Spellcasting
 - Level 0.8 Conjurations
 + Level 5.1 Ice Magic


You had 3 spell levels left.
You knew the following spells:

 Your Spells              Type           Power        Failure   Level  Hunger
a - Freeze                Ice            ###.         2%          1    #......
b - Throw Frost           Conj/Ice       ##....       9%          2    ##.....
c - Ozocubu's Armour      Chrm/Ice       #.......     22%         3    ###....


Dungeon Overview and Level Annotations

Branches:
Dungeon (4/15)
 Temple: D:4-7

Altars:
Kikubaaqudgha
Sif Muna
Vehumet
Xom

Annotations:
D:3 Grinder


Message History

The orc priest calls down the wrath of Beogh upon you.
Beogh smites you! The orc hits you with a dagger.
* * * LOW HITPOINT WARNING * * *
The orc closely misses you.
Casting: Freeze
Confirm with . or Enter, or press ? or * to list all spells.
Aiming: Freeze
Press: ? - help, Shift-Dir - straight line, f/p - orc priest
Aim: an orc priest, wearing a leather armour (moderately wounded)
You freeze the orc priest.
The orc priest is moderately wounded.
The orc priest invokes the aid of Beogh against you.
Beogh smites you!
* * * LOW HITPOINT WARNING * * *
The orc barely misses you. The orc misses you.
It was a potion of agility.
You feel agile all of a sudden.
The orc priest miscasts a cantrip.
The orc misses you. The orc hits you with a dagger.
You die...

####### #...o.#
#.###@######### #.#
#oo.o.....o
#.#############
#.....#
#####.#######
#.........
###########..###....
....................
#######..########...


You could see an orc priest and 3 orcs.

Vanquished Creatures
  An orc priest (D:3)
  A worker ant (D:3)
  3 gnolls (D:3)
  4 adders
  An ooze (D:2)
  2 worms (D:2)
  3 dart slugs
  12 orcs (D:3)
  2 ball pythons
  3 giant cockroaches
  4 goblins
  5 hobgoblins
  4 jackals
  A quokka (D:3)
  3 bats
  4 frilled lizards
  4 kobolds
  6 rats
63 creatures vanquished.

Notes
Turn   | Place    | Note
-------+----------+-------------------------------------------
     0 | D:1      | tilp the Merfolk Ice Elementalist began the quest for the Orb.
     0 | D:1      | Reached XP level 1. HP: 13/13 MP: 3/3
   320 | D:1      | Reached XP level 2. HP: 11/19 MP: 3/5
   330 | D:1      | Learned a level 2 spell: Throw Frost
  1127 | D:2      | Reached XP level 3. HP: 24/24 MP: 7/7
  1132 | D:2      | Learned a level 3 spell: Ozocubu's Armour
  1220 | D:2      | Found a deep blue altar of Sif Muna.
  1220 | D:2      | Found an ancient bone altar of Kikubaaqudgha.
  1221 | D:2      | Found a radiant altar of Vehumet.
  1357 | D:2      | Identified Kikubaaqudgha's Collected Works on Sinister Secrets
  1438 | D:2      | Found a shimmering altar of Xom.
  1584 | D:2      | Reached skill level 1 in Short Blades
  1990 | D:2      | Reached skill level 4 in Ice Magic
  1990 | D:2      | Reached XP level 4. HP: 30/30 MP: 6/8
  2538 | D:3      | Noticed Grinder
  2717 | D:3      | Reached XP level 5. HP: 24/35 MP: 5/9
  3158 | D:3      | Reached skill level 5 in Ice Magic
  3515 | D:3      | HP: 1/35 [gnoll/whip (10)]
  4031 | D:4      | HP: 1/35 [orc priest/divine providence (7)]
  4032 | D:4      | Slain by an orc

Vault maps used:
D:1:      minmay_arrival_cross
D:2:      grunt_temple_overflow_magic_moments, lemuel_statue_altar
D:3:      uniq_grinder
D:4:      minmay_diamond_boxcup, first_bread

Skill      XL: |  1  2  3  4  5 |
---------------+----------------+-----
Dodging        | 3 |  3.0
Short Blades   | 2 3 |  3.6
Ice Magic      | 4 5 |  5.1
Polearms       | |  0.8
Stealth        | |  2.1
Spellcasting   | |  2.6
Conjurations   | |  0.8

Action                   |  1- 3 |  4- 6 || total
-------------------------+-------+-------++-------
Melee: Dagger            |    53 |       ||    53
       Unarmed           |     1 |       ||     1
       Short sword       |    51 |    94 ||   145
 Cast: Freeze            |    35 |    35 ||    70
       Throw Frost       |       |     2 ||     2
  Use: Potion            |       |     1 ||     1
 Stab: Sleeping          |     4 |     2 ||     6
  Eat: Chunk             |     4 |     6 ||    10
       Bread ration      |       |     1 ||     1
Armor: Robe              |    20 |    13 ||    33
Dodge: Dodged            |    75 |    73 ||   148
